 Dungeon Crawl Stone Soup version 0.26.1 (webtiles) character file.

Game seed: 851750327497049894

109 hawla the Conjurer (level 4, -2/33 HPs)
             Began as a Draconian Conjurer on Feb 5, 2021.
             Slain by a black bear (6 damage)
             ... on level 3 of the Dungeon.
             The game lasted 00:07:18 (3139 turns).

hawla the Conjurer (Draconian Conjurer)             Turns: 3139, Time: 00:07:18

Health: -2/33      AC:  9    Str:  9    XL:     4   Next: 59%
Magic:  1/8        EV: 12    Int: 20    God:
Gold:   85         SH:  0    Dex:  9    Spells: 5/8 levels left

rFire    . . .     SeeInvis .   (no weapon)
rCold    . . .     Faith    .   (no shield)
rNeg     . . .     Spirit   .   (armour unavailable)
rPois    .         Reflect  .   (helmet restricted)
rElec    .         Harm     .   (no cloak)
rCorr    .         Rampage  .   d - +0 pair of gloves
Will     .....                  a - +2 pair of boots
Stlth    ++........             (no amulet)
HPRegen  0.11/turn              (no ring)
MPRegen  0.11/turn              (no ring)

@: no status effects
A: unfitting armour, cold-blooded, AC +5
a: no special abilities


You were on level 3 of the Dungeon.
You visited 1 branch of the dungeon, and saw 3 of its levels.

You collected 85 gold pieces.

Inventory:

Missiles
 j - 17 poisoned darts
Armour
 a - a +2 pair of boots (worn)
 d - a +0 pair of gloves (worn)
 g - a +2 buckler
Scrolls
 f - a scroll of identify
 h - a scroll of magic mapping
Potions
 k - a potion of flight


   Skills:
 - Level 1.7 Dodging
 - Level 1.7 Stealth
 + Level 1.4 Shields
 + Level 2.8 Spellcasting
 * Level 5.3 Conjurations


You had 5 spell levels left.
You knew the following spells:

 Your Spells              Type           Power        Failure   Level
a - Magic Dart            Conj           96%          1%          1
b - Searing Ray           Conj           48%          2%          2

Your spell library contained the following spells:

 Spells                   Type           Power        Failure   Level
 Dazzling Flash           Conj/Hex       26%          14%         3
 Fulminant Prism          Conj/Hex       6%           43%         4
 Iskenderun's Mystic Bla  Conj/Tloc      13%          43%         4


Dungeon Overview and Level Annotations

Branches:
Dungeon (3/15)

Altars:
Fedhas
Nemelex Xobeh
Qazlal


Innate Abilities, Weirdness & Mutations

Your plain brown scales are hard. (AC +5)
You cannot fit into any form of body armour.
You are cold-blooded and may be slowed by cold attacks.


Message History

You hit the black bear but do no damage.
The black bear is almost dead.
The black bear bites you.
* * * LOW HITPOINT WARNING * * *
The black bear claws you but does no damage.
The black bear claws you.
* * * LOW HITPOINT WARNING * * *
The black bear bites you but does no damage.
The black bear claws you but does no damage.
The black bear closely misses you.
Okay, then.
You feel better. The black bear bites you. The black bear claws you. x2
* * * LOW HITPOINT WARNING * * *
The black bear bites you but does no damage.
The black bear barely misses you. The black bear misses you. x2
The black bear barely misses you. The black bear claws you.
* * * LOW HITPOINT WARNING * * *
The black bear rages.
The black bear bites you.
You die...

..#...##.._..##..
...#....##...##..#
##########...#.....##.##..##
#............#...#..###..###
.............#...##.........
#######'######...#######.###
.................# #.#
................<# #.#
..........h@.....# #.#
###.######...##..# ###.# #.
#..>...... ..#.# #
#..###..### #.#.# .... ...#
#.#.# ##.####..# ###.#.# ###
#.. #.....# #..#####.####
#...........#


You could see a black bear (berserk).

Vanquished Creatures
  3 adders (D:2)
  3 oozes (D:2)
  2 worms (D:2)
  2 dart slugs
  2 leopard geckos (D:1)
  2 ball pythons
  4 bats
  A giant cockroach (D:1)
  4 goblins
  10 hobgoblins
  7 jackals
  3 frilled lizards
  7 kobolds
  4 rats
54 creatures vanquished.

Notes
Turn   | Place    | Note
-------+----------+-------------------------------------------
     0 | D:1      | hawla the Draconian Conjurer began the quest for the Orb.
     0 | D:1      | Reached XP level 1. HP: 14/14 MP: 3/3
   296 | D:1      | Reached XP level 2. HP: 20/20 MP: 0/5
  1068 | D:1      | Reached XP level 3. HP: 26/26 MP: 1/6
  1279 | D:2      | Learned a level 2 spell: Searing Ray
  1906 | D:2      | Reached skill level 5 in Conjurations
  2122 | D:2      | Reached skill level 1 in Shields
  2303 | D:2      | Found a blossoming altar of Fedhas.
  2381 | D:2      | Reached XP level 4. HP: 33/33 MP: 2/7
  2806 | D:2      | Found a stormy altar of Qazlal.
  3089 | D:3      | Found a sparkling altar of Nemelex Xobeh.
  3119 | D:3      | Noticed a black bear
  3139 | D:3      | Slain by a black bear

Illustrated notes

Levels and vault maps discovered:
D:1:      ncdulo_smallfort, layout_basic
D:2:      layout_basic, lemuel_doored_altar, fedhas_altar_fruit_tree
D:3:      layout_basic, lemuel_round_altar, serial_aquarium,
          aquarium_bridge_square [aquarium_subvault_window,
          aquarium_subvault_bridge, aquarium_subvault_bridge,
          aquarium_subvault_wall], aquarium_bridge_straight
          [aquarium_subvault_bridge, aquarium_subvault_wall,
          aquarium_subvault_bridge, aquarium_subvault_window],
          aquarium_window_fake, aquarium_window_fake,
          aquarium_window_corridor_1, aquarium_window_1, aquarium_view_2c,
          aquarium_pool_side, nemelex_lonely_heart_becter

Skill      XL: |  1  2  3 |
---------------+----------+-----
Conjurations   | 5 |  5.3
Shields        | 1 |  1.4
Dodging        | |  1.7
Stealth        | |  1.7
Spellcasting   | |  2.8

Action                   |  1- 3 |  4- 6 || total
-------------------------+-------+-------++-------
Melee: Unarmed           |    72 |    27 ||    99
       Tailslap          |     8 |       ||     8
 Cast: Magic Dart        |    81 |    11 ||    92
       Searing Ray       |     5 |    10 ||    15
  Use: Scroll            |     5 |     2 ||     7
       Potion            |     4 |     1 ||     5
Armor: Skin              |    31 |    38 ||    69
Dodge: Dodged            |    41 |    33 ||    74
